 Dungeon Crawl Stone Soup version 0.31.0-32-g396128a36d (webtiles) character file.

Game seed: 14500527038746774263

217 firemarshallily the Changeling (level 5, -1/54 HPs)
             Began as an Oni Shapeshifter on Apr 16, 2024.
             Slain by Edmund
             ... wielding a +6 heavy dire flail
              (17 damage)
             ... on level 4 of the Dungeon.
             The game lasted 00:05:42 (3170 turns).

firemarshallily the Changeling (Oni Shapeshifter)   Turns: 3170, Time: 00:05:43

Health: -1/54      AC:  3    Str: 18    XL:     5   Next: 94%
Magic:  5/5        EV: 10    Int: 11    God:
Gold:   198        SH:  0    Dex: 10    Spells: 4/4 levels left

rFire   . .          .
                       - Unarmed
rCold   + . .        (no shield)
rNeg    . . .        a - +0 animal skin
rPois   .            (helmet currently unavailable)
rElec   .            (cloak currently unavailable)
rCorr   .            (gloves unavailable)
SInv    .            (boots unavailable)
Will    .....        (no amulet)
Stlth   +            h - ring of protection from cold
HPRegen 0.29/turn    (no ring)
MPRegen 0.09/turn

%: no passive effects
@: beast-form
A: beast (slay +2), large, unfitting armour, horns 1, tough skin 1, double
potion healing, drunken brawling
a: Begin Untransformation


You were on level 4 of the Dungeon.
You were a hulking beast.
You visited 1 branch of the dungeon, and saw 4 of its levels.

You collected 198 gold pieces.

Inventory:

Armour
 a - a +0 animal skin (worn)
Jewellery
 h - a ring of protection from cold (left hand)
Talismans
 c - a beast talisman
 d - a flux talisman
Wands
 k - a wand of light (8)
Scrolls
 g - a scroll of teleportation
 i - a scroll of revelation
 j - a scroll of fog
Potions
 b - a potion of lignification
 e - 2 potions of enlightenment
 l - 2 potions of heal wounds {unknown}
 m - 2 potions of curing {unknown}


   Skills:
 * Level 4.0 Fighting
 + Level 2.6 Dodging
 * Level 3.8 Unarmed Combat
 * Level 4.0 Shapeshifting


You had 4 spell levels left.
You didn't know any spells.
Your spell library contained the following spells:

 Spells                   Type           Power      Damage    Failure   Level
 Apportation              Tloc           0%         N/A       34%         1
 Necrotise                Necr           0%         1d4       34%         1
 Sting                    Conj/Alch      0%         1d3       34%         1
 Summon Small Mammal      Summ           0%         N/A       34%         1
 Blink                    Tloc           0%         N/A       47%         2
 Lesser Beckoning         Tloc           0%         N/A       47%         2
 Momentum Strike          Conj/Tloc      0%         3d8       47%         2
 Haunt                    Necr/Summ      0%         N/A       100%        7
 Borgnjor's Revivificati  Necr           0%         N/A       100%        8
 Death's Door             Necr           0%         N/A       100%        9


Dungeon Overview and Level Annotations

Branches:
Dungeon (4/15)
 Temple: D:4-7

Altars:
Gozag
Yredelemnul

Shops:
D:3 (

Annotations:
D:4 Edmund


Innate Abilities, Weirdness & Mutations

You are a hulking beast.
Your limbs bulge with bestial killing power. (Slay +2)
You are too large for most types of armour.
You have a pair of small horns on your head.
You have tough skin. (AC +1)
You gain doubled healing and magic from potions.
Whenever you drink a healing potion, you attack all around you.


Message History

You hit the adder. You headbutt the adder.
You kill the adder!
You feel sick.
Your Fighting skill increases to level 4!
You closely miss the hobgoblin. Your headbutt misses the hobgoblin.
You feel sick. The hobgoblin closely misses you.
You hit the hobgoblin but do no damage.
You feel sick. The hobgoblin hits you.
You punch the hobgoblin!
You kill the hobgoblin!
You feel sick.
You punch Edmund!
Edmund is lightly wounded.
You feel sick.
Edmund hits you with a +6 heavy dire flail.
You hit Edmund.
Edmund is moderately wounded.
You feel sick.
You are no longer poisoned.
Edmund says, "You wouldn't believe how much I paid for this flail."
Edmund barely misses you.
You hit Edmund.
Edmund is moderately wounded.
You punch Edmund!
Edmund is heavily wounded.
Edmund says, "I'm quite good with sums, too."
Edmund hits you with a +6 heavy dire flail!
You hit Edmund.
Edmund is heavily wounded.
You punch Edmund! You headbutt Edmund, but do no damage.
Edmund is severely wounded.
Edmund hits you with a +6 heavy dire flail!
* * * LOW HITPOINT WARNING * * *
You are too injured to fight recklessly!
You are too injured to fight recklessly!
You are too injured to fight recklessly!
You hit Edmund.
Edmund is severely wounded.
Edmund hits you with a +6 heavy dire flail!
You die...
Edmund says, "I'd like to see a scythe do that!"

... ....
##...##
....)..####
...g.S....#
.(#.##.##.#
#. #.# #S
#@# #. #h#
.. #.# ##
#.# #.# #
#.# # #.#
##
####.####
.#
#.......#
.#
#.##.##.#


You could see Edmund.

Vanquished Creatures
  A phantom (D:4)
  A scorpion zombie (D:3)
  6 adders
  2 ribbon worms (D:2)
  A dart slug (D:2)
  7 ball pythons
  4 bats
  8 endoplasms
  A giant cockroach (D:2)
  2 goblins
  7 hobgoblins
  3 kobolds
  4 quokkas
  2 frilled lizards
  2 giant cockroach zombies (D:3)
  5 rats
56 creatures vanquished.

Notes
Turn   | Place    | Note
-------+----------+-------------------------------------------
     0 | D:1      | firemarshallily the Oni Shapeshifter began the quest for
                  | the Orb.
     0 | D:1      | Reached XP level 1. HP: 19/19 MP: 1/1
   104 | D:1      | Reached XP level 2. HP: 27/28 MP: 2/2
   409 | D:1      | Found a faded altar of an unknown god.
   923 | D:2      | Reached XP level 3. HP: 23/35 MP: 3/3
  1534 | D:2      | Reached XP level 4. HP: 40/44 MP: 4/4
  2564 | D:3      | Found an opulent altar of Gozag.
  2640 | D:3      | Found a basalt altar of Yredelemnul.
  2646 | D:3      | Found Kask's Weapon Boutique.
  2658 | D:3      | Reached XP level 5. HP: 47/53 MP: 5/5
  3026 | D:4      | Noticed a phantom
  3043 | D:4      | Killed a phantom
  3150 | D:4      | Noticed Edmund
  3170 | D:4      | Slain by Edmund

Illustrated notes

Levels and vault maps discovered:
D:1:      minmay_arrival_doors, layout_loops_ring,
          shapermc_ecumenical_altar_ellora, minmay_hexomino_p4
D:2:      minmay_recursive_quarters, layout_basic, st_stairs_14, feat_on_display
D:3:      layout_loops_corners, nicolae_yredelemnul_corpse_copse,
          grunt_gozag_statues, serial_shops, nicolae_shop_tiny_glass
D:4:      layout_loops_cross, okawaru_trees_2, minmay_temple_entry_antechambers,
          uniq_menkaure, uniq_edmund

Skill      XL: |  1  2  3  4  5 |
---------------+----------------+-----
Fighting       | 2 3 4 |  4.0
Dodging        | 2 |  2.6
Unarmed Combat | 3 |  3.8
Shapeshifting  | 4 |  4.0

Action                     |  1- 3 |  4- 6 || total
---------------------------+-------+-------++-------
  Melee: Unarmed           |    98 |    81 ||   179
         Headbutt          |    11 |    12 ||    23
         Punch             |       |     1 ||     1
    Use: Scroll            |       |     4 ||     4
   Stab: Sleeping          |     1 |       ||     1
 Armour: Animal skin       |    56 |    46 ||   102
  Dodge: Dodged            |    38 |    40 ||    78
